 Dungeon Crawl Stone Soup version 0.32-a0-859-gb0a091d (webtiles) character file.

Game seed: 514412326900971603

12862 Sojobo the Devastator (level 12, -4/66 HPs)
             Began as a Tengu Conjurer on Mar 27, 2024.
             Was an Elder of Vehumet.
             Slain by a catoblepas (14 damage)
             ... on level 1 of the Lair of Beasts.
             The game lasted 00:27:24 (12192 turns).

Sojobo the Devastator (Tengu Conjurer)             Turns: 12192, Time: 00:27:24

Health: -4/66      AC:  6    Str:  9    XL:     12   Next: 0%
Magic:  9/21       EV:  8    Int: 22    God:    Vehumet [****..]
Gold:   599        SH:  0    Dex: 13    Spells: 13/22 levels left

rFire   + + .        P - +3 mace of Summer {freeze, rPois rF+ Stlth+}
rCold   . . .        (no shield)
rNeg    . . .        f - +2 robe {Will+}
rPois   +            (helmet restricted)
rElec   .            g - +1 cloak
rCorr   .            (no gloves)
SInv    .            (boots unavailable)
Will    ++...        Q - amulet of magic regeneration
Stlth   +++          b - ring of willpower
HPRegen 0.31/turn    y - ring of protection from fire
MPRegen 0.57/turn

%: acrobat
@: petrifying, flying, very slow
A: beak, talons 3, evasive flight, acrobatic
a: Renounce Religion


You were on level 1 of the Lair of Beasts.
You worshipped Vehumet.
Vehumet was greatly pleased with you.
You visited 3 branches of the dungeon, and saw 13 of its levels.
You also visited: Ossuary and Bailey.

You collected 725 gold pieces.
You spent 126 gold pieces at shops.

Inventory:

Hand Weapons
 j - a +0 dagger of speed
 s - a +0 spectral quarterstaff
 w - a +2 long sword of holy wrath
 A - a +2 dagger of venom
 G - the +1 sling of Disembowelment {drain, rF++}
   (You found it on level 7 of the Dungeon)

   rF++:      It greatly protects you from fire.
 P - the +3 mace of Summer (weapon) {freeze, rPois rF+ Stlth+}
   (You found it on level 8 of the Dungeon)

   rF+:       It protects you from fire.
   rPois:     It protects you from poison.
   Stlth+:    It makes you more stealthy.
Missiles
 H - 7 curare-tipped darts
 X - 3 throwing nets
Armour
 a - a +0 robe
 f - a +2 robe of willpower (worn)
 g - a +1 cloak (worn)
 B - a +2 kite shield
 N - +0 acid dragon scales
 S - the +0 pair of gloves of New Discoveries {Harm Will+}
   (You found it in a bailey)

   Will+:     It increases your willpower.
   Harm:      It increases damage dealt and taken.
 T - a +1 ring mail of willpower
Jewellery
 b - a ring of willpower (left hand)
 y - a ring of protection from fire (right hand)
 I - an amulet of guardian spirit
 Q - an amulet of magic regeneration (around neck)
 R - a ring of magical power
Wands
 r - a wand of roots (27)
 v - a wand of flame (61)
 M - a wand of charming (16)
Scrolls
 d - 2 scrolls of blinking {unknown}
 e - 6 scrolls of teleportation
 h - a scroll of amnesia
 m - 3 scrolls of revelation
 n - 3 scrolls of enchant armour {unknown}
 o - 5 scrolls of noise
 q - 2 scrolls of poison {unknown}
 t - 3 scrolls of immolation {unknown}
 u - 3 scrolls of brand weapon {unknown}
 W - a scroll of vulnerability
Potions
 c - 4 potions of might
 i - 3 potions of lignification {unknown}
 k - 4 potions of curing
 l - 4 potions of attraction
 p - 3 potions of enlightenment
 x - 2 potions of brilliance
 z - 3 potions of invisibility
 C - 2 potions of berserk rage
 D - 5 potions of heal wounds
 E - 4 potions of resistance
 L - 2 potions of mutation
 O - a potion of haste
 U - a potion of cancellation


   Skills:
 + Level 4.2 Fighting
 - Level 1.0 Short Blades
 - Level 0.5 Ranged Weapons
 - Level 5.2 Dodging
 - Level 2.0 Stealth
 * Level 4.8 Shields
 - Level 5.8 Spellcasting
 * Level 18.6 Conjurations
 * Level 7.3 Fire Magic
 - Level 0.2 Alchemy
 + Level 1.6 Evocations


You had 13 spell levels left.
You knew the following spells:

 Your Spells              Type           Power      Damage    Failure   Level
a - Magic Dart            Conj           100%       1d8       0%          1
c - Fulminant Prism       Conj/Alch      24%        3d12      1%          4
d - Flame Wave            Conj/Fire      59%        2d14      1%          4

Your spell library contained the following spells:

 Spells                   Type           Power      Damage    Failure   Level
 Hailstorm                Conj/Ice       47%        3d10      1%          3
 Searing Ray              Conj           100%       2d8       0%          2
 Scorch                   Fire           76%        2d8       1%          2
 Iskenderun's Mystic Bla  Conj/Tloc      47%        2d10      (+2d51%     4
 Lesser Beckoning         Tloc           12%        N/A       14%         2
 Teleport Other           Tloc           6%         N/A       28%         3
 Tukima's Dance           Hex            6%         N/A       28%         3
 Dimensional Bullseye     Hex/Tloc       3%         N/A       67%         4
 Maxwell's Portable Pile  Tloc           6%         2d(6-11)  67%         4
 Summon Cactus Giant      Summ           3%         N/A       100%        6


Dungeon Overview and Level Annotations

Branches:
Dungeon (11/15)            Temple (1/1) D:5            Lair (1/5) D:8
    Orc (0/2) D:10        Ossuary (visited)          Bailey (visited)

Altars:
Ashenzari
Cheibriados
Dithmenos
Elyvilon
Fedhas
Gozag
Hepliaklqana
Kikubaaqudgha
Makhleb
Nemelex Xobeh
Okawaru
Qazlal
Ru
Sif Muna
Trog
Uskayaw
Vehumet
Wu Jian
Xom
Yredelemnul
Zin
The Shining One

Shops:
D:9 *   D:10 *


Innate Abilities, Weirdness & Mutations

You have a beak for a mouth.
You have claws for feet.
Your magical flight helps you evade attacks. (EV +4)
You can magically evade attacks while moving or waiting.


Message History

The flame wave engulfs the yak!
The yak is moderately wounded.
You are engulfed in calcifying dust.
You hear a loud, deep croak!
The catoblepas breathes a plume of calcifying dust at you.
The blast of calcifying dust hits you.
* * * LOW HITPOINT WARNING * * *
Unknown command.
Unknown command.
Unknown command.
A wave of flame ripples out!
The flame wave engulfs the catoblepas!
The catoblepas is almost dead.
The flame wave engulfs the yak!
The yak is severely wounded.
You finish channelling waves of flame.
You are engulfed in calcifying dust.
You hear a loud, deep croak!
You hear a croak.
You hear a loud, deep croak! x2
The catoblepas breathes a plume of calcifying dust at you.
The blast of calcifying dust hits you.
* * * LOW HITPOINT WARNING * * *
The yak is engulfed in calcifying dust.
The yak is moving more slowly.
The yak completely misses you.
Unknown command.
Unknown command.
Unknown command.
Casting: Flame Wave (safe; 1% risk of failure)
Confirm with . or Enter, or press ? or * to list all spells.
Casting: Flame Wave (safe; 1% risk of failure)
Press: ? - help, Dir - look around, f - activate A wave of flame ripples out!
The flame wave engulfs the catoblepas but does no damage.
The catoblepas is almost dead.
The flame wave engulfs the yak!!
You kill the yak!
Vehumet accepts your kill. (Press . to intensify the flame waves.)
You are engulfed in calcifying dust.
You are slowing down.
You hear a croak.
You hear an angry hiss.
You hear a croak.
The catoblepas gores you!!
You die...

#.. . ... .. #.# Y..
#.# ### ... #.# ##.##
.. ###.###☼..#.#
#######.#.........#
......!.†.#..#.........
######@Y...#.###.#..P#
#.#...###.### ###
#.#........(####
#.#.#.###.#..#.###
#.....# ###.......
####### ######.# ###


You could see a catoblepas.

Vanquished Creatures
  Harold (D:10)
  3 two-headed ogres (D:9)
  Pikel (D:6)
  Maurice (D:7)
  2 gargoyles
  A torpor snail (Lair:1)
  Joseph (D:7)
  A komodo dragon (D:8)
  A troll (D:8)
  A hornet (D:9)
  Grinder (D:3)
  5 blink frogs (Lair:1)
  A vampire (Bailey)
  A shadow (D:9)
  A wraith (D:11)
  7 yaks
  2 wyverns
  2 steam dragons (D:8)
  2 acid dragons
  2 water moccasins
  2 sky beasts
  An ogre (D:4)
  4 centaurs
  3 lemures
  A phantom (D:5)
  5 kobold brigands
  4 scorpions
  4 bullfrogs
  3 water moccasin zombies (Ossuary)
  A burial acolyte (Ossuary)
  8 wights
  11 killer bees
  10 wolf zombies (Bailey)
  2 howler monkeys
  7 vampire bats (Bailey)
  A bombardier beetle (D:6)
  3 jellies
  A quasit (D:8)
  2 hounds
  3 orc priests
  Crazy Yiuf (D:3)
  Ijyb (D:3)
  A scorpion zombie (D:5)
  4 orc wizards
  3 iguanas
  2 crocodile zombies (Ossuary)
  A bullfrog simulacrum (Ossuary)
  A hound skeleton (D:5)
  2 mummies (Ossuary)
  4 gnolls
  A howler monkey skeleton (D:5)
  6 adders
  2 shadow imps
  3 white imps
  4 ufetubi
  4 adder zombies
  6 dart slugs
  21 orcs
  4 endoplasms
  9 giant cockroaches
  13 gnoll zombies (Ossuary)
  12 goblins
  6 hobgoblins
  8 jackals
  5 quokkas
  7 ball pythons
  9 bats
  4 frilled lizards
  5 jackal zombies (Ossuary)
  23 kobolds
  25 orc zombies
  5 rats
315 creatures vanquished.

Vanquished Creatures (others)
  45 fulminant prisms
45 creatures vanquished.

Grand Total: 360 creatures vanquished

Notes
Turn   | Place    | Note
-------+----------+-------------------------------------------
     0 | D:1      | Sojobo the Tengu Conjurer began the quest for the Orb.
     0 | D:1      | Reached XP level 1. HP: 10/10 MP: 4/4
     4 | D:1      | You fall into a shaft and drop 1 floor!
   279 | D:1      | Reached XP level 2. HP: 15/15 MP: 4/6
   569 | D:1      | Learned a level 2 spell: Searing Ray
   573 | D:1      | Reached skill level 6 in Conjurations
   759 | D:1      | Reached XP level 3. HP: 19/19 MP: 1/7
  1817 | D:2      | Reached XP level 4. HP: 24/24 MP: 4/8
  1822 | D:2      | Reached skill level 7 in Conjurations
  2411 | D:3      | Noticed Grinder
  2411 | D:3      | Paralysed by Grinder for 2 turns
  2420 | D:3      | Paralysed by Grinder for 3 turns
  2473 | D:3      | Killed Grinder
  2474 | D:3      | Reached skill level 8 in Conjurations
  2474 | D:3      | Reached XP level 5. HP: 6/28 MP: 5/10
  2474 | D:3      | Reached XP level 6. HP: 7/32 MP: 5/11
  2600 | D:3      | Found a runed translucent door.
  2601 | D:3      | Noticed Crazy Yiuf
  2645 | D:3      | Learned a level 4 spell: Fulminant Prism
  2991 | D:3      | Found a faded altar of an unknown god.
  3115 | D:3      | Reached skill level 9 in Conjurations
  3315 | D:3      | Noticed Ijyb
  3322 | D:3      | Killed Ijyb
  3929 | D:3      | Killed Crazy Yiuf
  3930 | D:3      | Gained mutation: Your magical flight helps you evade
                  | attacks. (EV +4) [Tengu growth]
  3930 | D:3      | Reached XP level 7. HP: 2/37 MP: 0/13
  4502 | D:4      | Reached skill level 10 in Conjurations
  5085 | D:5      | Entered Level 5 of the Dungeon
  5127 | D:5      | Found a hazy altar of Hepliaklqana.
  5197 | D:5      | Found a sacrificial altar of Ru.
  5263 | D:5      | Found a staircase to the Ecumenical Temple.
  5269 | Temple   | Entered the Ecumenical Temple
  5274 | Temple   | Became a worshipper of Vehumet
  5321 | D:5      | Reached skill level 11 in Conjurations
  5321 | D:5      | Reached XP level 8. HP: 42/42 MP: 10/15
  5532 | D:5      | Found a sand-covered staircase.
  5543 | Ossuary  | Entered an ossuary
  5734 | Ossuary  | Reached * piety under Vehumet
  5734 | Ossuary  | Offered knowledge of Kiss of Death by Vehumet.
  5989 | Ossuary  | Reached skill level 1 in Fighting
  6555 | D:6      | Noticed Pikel
  6559 | D:6      | Reached skill level 12 in Conjurations
  6670 | D:6      | Reached skill level 5 in Spellcasting
  6709 | D:6      | Reached ** piety under Vehumet
  6712 | D:6      | Offered knowledge of Foxfire by Vehumet.
  6857 | D:6      | Killed Pikel
  6858 | D:6      | Reached skill level 13 in Conjurations
  6858 | D:6      | Reached XP level 9. HP: 47/47 MP: 10/18
  6966 | D:6      | Reached skill level 1 in Short Blades
  7015 | D:6      | Learned a level 4 spell: Flame Wave
  7225 | D:6      | Reached skill level 1 in Fire Magic
  7467 | D:7      | Noticed Joseph
  7555 | D:7      | Found a shadowy altar of Dithmenos.
  7557 | D:7      | Identified the +1 sling of Disembowelment {drain, rF++}
  7661 | D:7      | Reached skill level 14 in Conjurations
  7663 | D:7      | Killed Joseph
  7673 | D:7      | Offered knowledge of Inner Flame by Vehumet.
  7676 | D:7      | Reached skill level 5 in Dodging
  7778 | D:7      | Noticed Maurice
  7790 | D:7      | Killed Maurice
  7791 | D:7      | Reached XP level 10. HP: 41/53 MP: 6/19
  7809 | D:7      | Reached skill level 1 in Evocations
  8041 | D:7      | Found an opulent altar of Gozag.
  8238 | D:7      | Reached skill level 15 in Conjurations
  8243 | D:7      | Reached skill level 1 in Shields
  8590 | D:8      | Reached *** piety under Vehumet
  8657 | D:8      | Noticed a boulder beetle
  8657 | D:8      | Noticed a boulder beetle
  9023 | D:8      | Found a staircase to the Lair.
  9033 | D:8      | Reached skill level 16 in Conjurations
  9196 | D:8      | Identified the +3 mace of Summer {freeze, rPois rF+ Stlth+}
  9262 | D:8      | Offered knowledge of Sticky Flame by Vehumet.
  9364 | D:9      | Noticed a two-headed ogre
  9371 | D:9      | Killed a two-headed ogre
  9442 | D:9      | Found Ani Daeg's General Store.
  9453 | D:9      | Noticed a two-headed ogre
  9477 | D:9      | Killed a two-headed ogre
  9478 | D:9      | Reached skill level 5 in Fire Magic
  9478 | D:9      | Reached XP level 11. HP: 51/60 MP: 12/20
  9494 | D:9      | Noticed a two-headed ogre
  9500 | D:9      | Reached skill level 17 in Conjurations
  9510 | D:9      | Killed a two-headed ogre
  9511 | D:9      | Paralysed by a hornet for 3 turns
  9576 | D:9      | Found a flagged portal.
  9584 | Bailey   | Entered a bailey
  9676 | Bailey   | Reached **** piety under Vehumet
  9685 | Bailey   | Offered knowledge of Hailstorm by Vehumet.
  9833 | Bailey   | Identified the +0 pair of gloves of New Discoveries {Harm
                  | Will+}
 10231 | D:9      | Found a shimmering altar of Xom.
 10758 | D:10     | Entered Level 10 of the Dungeon
 10816 | D:10     | Found a basalt altar of Yredelemnul.
 10868 | D:10     | Found Enlorets's Neck Hole.
 10896 | D:10     | Found a staircase to the Orcish Mines.
 10907 | D:9      | Bought a scroll of noise for 12 gold pieces
 10907 | D:9      | Bought a scroll of revelation for 90 gold pieces
 10907 | D:9      | Bought a scroll of identify for 24 gold pieces
 10993 | D:10     | Reached skill level 18 in Conjurations
 11072 | D:10     | Noticed Harold
 11086 | D:10     | Killed Harold
 11463 | D:10     | Found a stormy altar of Qazlal.
 11869 | D:11     | Noticed a skeletal warrior
 11872 | D:11     | Noticed a skeletal warrior
 12041 | Lair:1   | Entered Level 1 of the Lair of Beasts
 12163 | Lair:1   | Noticed a catoblepas
 12190 | Lair:1   | Reached XP level 12. HP: 17/66 MP: 13/21
 12192 | Lair:1   | Slain by a catoblepas

Illustrated notes

Levels and vault maps discovered:
D:1:      co_arrival_random_square_maze, layout_basic, minmay_pentomino_z2
D:2:      layout_rooms
D:3:      layout_basic, chequers_ecumenical_altar_simple, uniq_grinder,
          uniq_crazy_yiuf_cottage, uniq_ijyb
D:4:      cheibrodos_old_hovel, layout_loops_cross, corexii_shack
D:5:      layout_layer_cave, mainiacjoe_overflow_paths,
          nicolae_ru_great_annihilating_truth,
          minmay_temple_entry_enclosed_plants,
          mainiacjoe_ossuary_entry_find_the_door
D:6:      layout_basic, kennysheep_windowed_goal, uniq_pikel
D:7:      layout_basic, grunt_dithmenos_smoke,
          nicolae_gozag_cash_rules_everything_around_me,
          minmay_misc_feat_hallway, uniq_maurice, uniq_joseph
D:8:      minmay_curly_fans, layout_basic, david_lair_shrubbed, serial_demonic,
          serial_demonic_c, serial_demonic_d, serial_demonic_e,
          serial_demonic_c, eino_jars
D:9:      layout_stronghold, xom_butterflies, enter_bailey_3,
          nicolae_take_the_stairs, nicolae_kite_square_tiling_tiny,
          grunt_ministairs_6, hive_lemuel
D:10:     layout_long_grid, mainiacjoe_overflow_catch_the_wave, orc_0_dummy,
          nicolae_shop_sticking_my_neck_out, uniq_harold
D:11:     layout_basic
Temple:   minmay_freezing_vapour_temple
Lair:1:   layout_loops_ring, grunt_megastairs_3, lemuel_fruit_fields

Skill      XL: |  1  2  3  4  5  6  7  8  9 10 11 |
---------------+----------------------------------+-----
Conjurations   | 6 8 9 11 13 14 16 18 | 18.6
Spellcasting   | 3 4 5 |  5.8
Dodging        | 3 4 5 |  5.2
Fighting       | 1 2 3 4 |  4.2
Short Blades   | 1 |  1.0
Fire Magic     | 3 5 7 |  7.3
Evocations     | 1 |  1.6
Shields        | 3 4 |  4.8
Ranged Weapons | |  0.5
Stealth        | |  2.0
Alchemy        | |  0.2

Action                     |  1- 3 |  4- 6 |  7- 9 | 10-12 || total
---------------------------+-------+-------+-------+-------++-------
  Melee: Dagger            |       |       |    37 |       ||    37
         Kick              |       |       |    11 |     3 ||    14
         Peck              |       |       |     3 |     7 ||    10
         Mace              |       |       |       |    19 ||    19
   Fire: Sling             |       |       |     2 |    25 ||    27
   Cast: Magic Dart        |    59 |    46 |    14 |       ||   119
         Searing Ray       |     2 |    19 |    48 |    14 ||    83
         Fulminant Prism   |       |       |    21 |    24 ||    45
         Flame Wave        |       |       |     2 |    48 ||    50
  Evoke: Wand              |       |       |     4 |       ||     4
    Use: Potion            |       |     1 |       |     2 ||     3
         Scroll            |       |       |    10 |     9 ||    19
   Stab: Sleeping          |       |       |     4 |       ||     4
         Paralysed         |       |       |     1 |       ||     1
 Armour: Robe              |     5 |    16 |    49 |    76 ||   146
  Dodge: Dodged            |     6 |    21 |   114 |   192 ||   333

Table legend: (Time is in decaauts)
 A = Elapsed time spent in this place.
 B = Non-inter-level travel time spent in this place.
 C = Inter-level travel time spent in this place.
 D = Time resting spent in this place.
 E = Time spent auto-exploring this place.
 F = Levels seen in this place.
 G = Mean time per level.
                   A        B        C        D        E       F      G
               +--------+--------+--------+--------+--------+-----+--------+
         Total |  12206 |  11693 |    513 |    397 |   8921 |  15 |  813.7 |
       Dungeon |  11054 |  10547 |    507 |    187 |   8457 |  11 | 1004.9 |
        Temple |     10 |      5 |      5 |      0 |      0 |   1 |   10.0 |
          Lair |    160 |    160 |      0 |      0 |    108 |   1 |  160.0 |
       Ossuary |    493 |    493 |      0 |    210 |    110 |   1 |  493.0 |
        Bailey |    487 |    487 |      0 |      0 |    246 |   1 |  487.0 |
               +--------+--------+--------+--------+--------+-----+--------+

Top non-repeatable levels by time:
     D:3: 1790 daAuts
     D:1: 1592 daAuts
    D:10: 1129 daAuts
     D:7: 1096 daAuts
     D:9: 1020 daAuts
     D:5: 1020 daAuts
     D:4: 982 daAuts
     D:6: 918 daAuts
     D:2: 714 daAuts
     D:8: 665 daAuts
 Ossuary: 493 daAuts
  Bailey: 487 daAuts
  Lair:1: 160 daAuts
    D:11: 124 daAuts
  Temple: 10 daAuts
